 Dungeon Crawl Stone Soup version 0.24.0-123-gd5b16e6ec5 (webtiles) character file.

Game seed: 6086996458729069015, levelgen mode: deterministic

70 Emblim88 the Ruffian (level 4, -10/61 HPs)
             Began as a Troll Transmuter on Jan 13, 2020.
             Mangled by a gnoll
             ... wielding a +0 halberd
              (13 damage)
             ... on level 2 of the Dungeon.
             The game lasted 00:01:37 (628 turns).

Emblim88 the Ruffian (Troll Transmuter)              Turns: 628, Time: 00:01:37

Health: -10/61     AC:  6    Str: 23    XL:     4   Next: 4%
Magic:  3/5        EV: 10    Int: 10    God:
Gold:   13         SH:  0    Dex: 10    Spells: 5/6 levels left

rFire    . . .     SeeInvis .     - Unarmed
rCold    . . .     Gourm    +   (no shield)
rNeg     . . .     Faith    .   b - +0 robe
rPois    .         Spirit   .   (helmet restricted)
rElec    .         Reflect  .   j - scarf {cloud immunity}
rCorr    .         Harm     .   (gloves unavailable)
MR       .....                  (boots unavailable)
Stlth    ..........             (no amulet)
HPRegen  0.60/turn              (no ring)
MPRegen  0.09/turn              (no ring)

@: berserking, appendage (expiring), very quick
A: large, unfitting armour, claws 3, horns 2, fast metabolism 3, gourmand,
regeneration 1, shaggy fur 1, tough skin 3
a: End Transformation


You were on level 2 of the Dungeon.
You were completely stuffed.
You had grown temporary horns.
You visited 1 branch of the dungeon, and saw 2 of its levels.

You collected 13 gold pieces.

Inventory:

Missiles
 a - 12 arrows
Armour
 b - a +0 robe (worn)
 j - a scarf of cloud immunity (worn)
Scrolls
 e - a scroll of fog {unknown}
 f - a scroll of identify {unknown}
 h - a scroll of amnesia {unknown}
 i - a scroll of teleportation {unknown}
Potions
 c - a potion of berserk rage
 g - a potion of might {unknown}
 k - a potion of heal wounds {unknown}
Comestibles
 d - 2 rations


   Skills:
 + Level 1.3 Fighting
 + Level 2.1 Dodging
 + Level 3.3 Unarmed Combat
 + Level 1.5 Spellcasting
 * Level 2.2 Transmutations


You had 5 spell levels left.
You knew the following spells:

 Your Spells              Type           Power        Failure   Level  Hunger
a - Beastly Appendage     Tmut           #.....       13%         1    ##.....

Your spell library contained the following spells:

 Spells                   Type           Power        Failure   Level  Hunger
 Sticks to Snakes         Tmut           #.......     21%         2    ###....
 Spider Form              Tmut/Pois      #.........   54%         3    ####...
 Ice Form                 Ice/Tmut       #.......     91%         4    #####..
 Blade Hands              Tmut           #.........   98%         5    ######.


Dungeon Overview and Level Annotations

Branches:
Dungeon (2/15)

Altars:


Innate Abilities, Weirdness & Mutations

You are too large for most types of armour.
You have claws for hands.
Your metabolism is lightning-fast.
You like to eat raw meat.
Your natural rate of healing is unusually fast.
You are covered in fur. (AC +1)
You have extremely tough skin. (AC +3)
You have a pair of horns on your head.


Message History

The gnoll barely misses you. x2; The gnoll closely misses you.
You scratch the gnoll but do no damage. You headbutt the gnoll.
You kill the gnoll!
The gnoll hits you from afar with a +0 spear.
* * * LOW HITPOINT WARNING * * *
It was a potion of berserk rage.
A red film seems to cover your vision as you go berserk!
You feel yourself moving faster!
You feel mighty! The gnoll closely misses you. The gnoll barely misses you.
You are too berserk!
You are too berserk!
You claw the gnoll!
You kill the gnoll!
You have reached level 4!
Your transformation is almost over.
A bat comes into view.
The gnoll hits you from afar with a +0 spear.
* * * LOW HITPOINT WARNING * * *
The gnoll hits you from afar with a +0 halberd!
You die...

#............
#...........
#.........
##'####### #.#
###'########
#...........
#....)......
#...@†......
b.....)).......
.....gg........
...............
....###......##
.... ####....#
... ....# ..
....#


You could see 2 gnolls and a bat.

Vanquished Creatures
  2 gnolls (D:2)
  An adder (D:2)
  2 dart slugs (D:2)
  2 leopard geckos (D:2)
  3 bats (D:1)
  5 goblins
  8 hobgoblins
  3 jackals (D:1)
  2 ball pythons (D:1)
  A frilled lizard (D:2)
  3 kobolds (D:1)
  4 rats (D:1)
36 creatures vanquished.

Notes
Turn   | Place    | Note
-------+----------+-------------------------------------------
     0 | D:1      | Emblim88 the Troll Transmuter began the quest for the Orb.
     0 | D:1      | Reached XP level 1. HP: 18/18 MP: 1/1
    43 | D:1      | Reached skill level 1 in Fighting
    43 | D:1      | Reached XP level 2. HP: 25/27 MP: 0/3
   545 | D:2      | Reached XP level 3. HP: 29/33 MP: 4/4
   628 | D:2      | Reached XP level 4. HP: 6/41 MP: 3/5
   628 | D:2      | HP: 3/61 [gnoll/+0 spear (3)]
   628 | D:2      | Mangled by a gnoll

Levels and vault maps discovered:
D:1:      matt_arrival_diagonals, layout_basic
D:2:      layout_basic

Skill      XL: |  1  2  3 |
---------------+----------+-----
Fighting       | 1 |  1.3
Dodging        | 2 |  2.1
Transmutations | 2 |  2.2
Unarmed Combat | |  3.3
Spellcasting   | |  1.5

Action                   |  1- 3 |  4- 6 || total
-------------------------+-------+-------++-------
Melee: Unarmed           |    94 |       ||    94
       Headbutt          |     1 |       ||     1
 Cast: Beastly Appendage |     1 |       ||     1
  Use: Potion            |     1 |       ||     1
 Stab: Sleeping          |     1 |       ||     1
  Eat: Chunk             |    11 |       ||    11
Armor: Robe              |    35 |       ||    35
Dodge: Dodged            |    73 |       ||    73
